 Dungeon Crawl Stone Soup version 0.28.0-47-ge53b351184 (webtiles) character file.

Game seed: 15063485050690531749

498 nickcage the Chiller (level 6, 0/32 HPs)
             Began as a Deep Elf Ice Elementalist on May 9, 2022.
             Slain by a phantom (7 damage)
             ... on level 5 of the Dungeon.
             The game lasted 00:14:54 (5121 turns).

nickcage the Chiller (Deep Elf Ice Elementalist)    Turns: 5121, Time: 00:14:56

Health: 0/32       AC:  2    Str:  5    XL:     6   Next: 94%
Magic:  10/17      EV: 12    Int: 22    God:
Gold:   154        SH:  0    Dex: 15    Spells: 6/17 levels left

rFire   . . .      SeeInvis .   i - +2 dagger (speed)
rCold   . . .      Faith    .   (no shield)
rNeg    . . .      Spirit   .   a - +0 robe
rPois   .          Reflect  .   (no helmet)
rElec   .          Harm     .   (no cloak)
rCorr   .          Rampage  .   (no gloves)
Will    +....                   (no boots)
Stlth   ++........              (no amulet)
HPRegen 0.10/turn               q - ring of willpower
MPRegen 0.15/turn               (no ring)

@: no status effects
A: no striking features
a: no special abilities


You were on level 5 of the Dungeon.
You visited 1 branch of the dungeon, and saw 5 of its levels.

You collected 154 gold pieces.

Inventory:

Hand Weapons
 b - a +0 dagger
 i - a +2 dagger of speed (weapon)
Armour
 a - a +0 robe (worn)
Jewellery
 q - a ring of willpower (left hand)
Wands
 n - a wand of paralysis (4)
Scrolls
 c - 2 scrolls of noise {unknown}
 e - 4 scrolls of teleportation {unknown}
 g - 2 scrolls of immolation {unknown}
 h - 2 scrolls of blinking {unknown}
 r - a scroll of fog {unknown}
Potions
 d - a potion of flight {unknown}
 f - a potion of invisibility {unknown}
 j - 2 potions of attraction {unknown}
 k - 2 potions of ambrosia {unknown}
 l - 2 potions of lignification {unknown}
 m - a potion of heal wounds {unknown}
 o - a potion of mutation {unknown}
 p - a potion of brilliance {unknown}


   Skills:
 - Level 2.4 Dodging
 - Level 2.4 Stealth
 + Level 6.3 Spellcasting
 * Level 2.0 Conjurations
 * Level 7.5 Ice Magic


You had 6 spell levels left.
You knew the following spells:

 Your Spells              Type           Power      Damage    Failure   Level
a - Freeze                Ice            100%       1d11      1%          1
b - Frozen Ramparts       Ice            78%        1d9       1%          3
c - Ozocubu's Armour      Ice            39%        N/A       1%          3
d - Hailstorm             Conj/Ice       27%        3d7       12%         4

Your spell library contained the following spells:

 Spells                   Type           Power      Damage    Failure   Level


Dungeon Overview and Level Annotations

Branches:
Dungeon (5/15)
 Temple: D:4-7

Altars:
Hepliaklqana
Xom

Shops:
D:2 (

Annotations:
D:3 1 runed translucent door, khangoldenlief's ghost, amateur GnAM
D:4 3 runed translucent doors, Alexandra's ghost, amateur HuTm


Message History

The phantom hits you.
You freeze the phantom but do no damage.
The phantom completely resists.
The phantom closely misses you.
You freeze the phantom.
The phantom resists.
The phantom is moderately damaged.
The phantom hits you.
You hit the phantom.
The phantom is moderately damaged.
The phantom barely misses you.
You closely miss the phantom.
The phantom is moderately damaged.
You miss the phantom.
The phantom is moderately damaged.
The phantom barely misses you.
You hit the phantom.
The phantom is heavily damaged.
You hit the phantom but do no damage.
The phantom is heavily damaged.
The phantom hits you.
The phantom blinks!
You blink.
You hit the phantom but do no damage.
The phantom is heavily damaged.
The phantom hits you.
The phantom blinks!
You blink.
You are too injured to fight recklessly!
Aiming: Freeze (safe; 1% risk of failure)
Press: ? - help, Q - select action, (/) - cycle Shift-Dir - straight line, f/p - phantom
Aim: a phantom (heavily damaged)
You freeze the phantom but do no damage.
The phantom completely resists.
The phantom hits you.
* * * LOW HITPOINT WARNING * * *
The phantom blinks!
You blink.
An orc comes into view. It is wielding a +0 dagger.
Found an iridescent hunting sling.
Aiming: Freeze (safe; 1% risk of failure)
Press: ? - help, Q - select action, (/) - cycle Shift-Dir - straight line, f/p - phantom
Aim: a phantom (heavily damaged)
You freeze the phantom but do no damage.
The phantom completely resists.
The phantom hits you!
You die...

....# # .o..# ##
...... .## .... ..# ##
##... .######.##
###..## ..'.##r#§##
###.....##
..#.#####Z###..W@....#
.##..._#S##...(.....##
..##...####.........#
..##_..###.........##
[..###...#.....§...#
....####'#........##
......#..#.......##
............§§..##
)..............##


You could see a phantom and an orc (asleep).

Vanquished Creatures
  A black bear (D:4)
  2 ogres
  A centaur (D:4)
  An iguana (D:4)
  A gnoll (D:1)
  5 adders
  2 worms (D:2)
  4 dart slugs
  3 orcs
  7 endoplasms
  5 giant cockroaches
  10 goblins
  A hobgoblin (D:4)
  A quokka (D:1)
  9 ball pythons
  8 bats
  5 frilled lizards
  7 kobolds
  4 rats
77 creatures vanquished.

Notes
Turn   | Place    | Note
-------+----------+-------------------------------------------
     0 | D:1      | nickcage the Deep Elf Ice Elementalist began the quest for
                  | the Orb.
     0 | D:1      | Reached XP level 1. HP: 10/10 MP: 6/6
   526 | D:1      | Reached XP level 2. HP: 15/15 MP: 6/8
   835 | D:1      | Reached skill level 5 in Ice Magic
   854 | D:1      | Found a faded altar of an unknown god.
  1038 | D:1      | Reached XP level 3. HP: 19/19 MP: 8/10
  1356 | D:1      | Learned a level 3 spell: Frozen Ramparts
  1360 | D:1      | Learned a level 3 spell: Ozocubu's Armour
  2164 | D:2      | Reached XP level 4. HP: 24/24 MP: 9/12
  2169 | D:2      | Learned a level 4 spell: Hailstorm
  2499 | D:2      | Found Xeiplifi's Weapon Shoppe.
  3134 | D:3      | Found a runed translucent door.
  3511 | D:3      | Noticed khangoldenlief's ghost (amateur GnAM)
  3641 | D:4      | Noticed a centaur
  3660 | D:4      | Killed a centaur
  3661 | D:4      | Reached skill level 5 in Spellcasting
  3661 | D:4      | Reached skill level 1 in Conjurations
  3661 | D:4      | Reached skill level 6 in Ice Magic
  3661 | D:4      | Reached XP level 5. HP: 4/28 MP: 0/14
  3727 | D:4      | Noticed an ogre
  4132 | D:4      | Killed an ogre
  4133 | D:4      | Reached XP level 6. HP: 18/32 MP: 3/16
  4284 | D:4      | Noticed Alexandra's ghost (amateur HuTm)
  4291 | D:4      | Found a runed translucent gate.
  4291 | D:4      | Found a runed translucent gate.
  4292 | D:4      | Found a runed translucent gate.
  4303 | D:4      | Reached skill level 7 in Ice Magic
  4856 | D:5      | Entered Level 5 of the Dungeon
  5089 | D:5      | Found a hazy altar of Hepliaklqana.
  5090 | D:5      | Found a shimmering altar of Xom.
  5091 | D:5      | Noticed a spectral ugly thing
  5121 | D:5      | Slain by a phantom

Illustrated notes

Levels and vault maps discovered:
D:1:      onia_arrival_handbag, layout_basic, nicolae_ecumenical_snake_handling,
          minmay_misc_feat_cross, minmay_octomino_j4
D:2:      layout_loops_ring, serial_shops, nicolae_shop_behind_doors
D:3:      minmay_evil_eye, layout_loops_cross, ebering_ghost_sewer_d,
          kennysheep_small_spiral
D:4:      layout_basic, gammafunk_ghost_split
D:5:      layout_layer_cave, regret_index_temple_of_mockery, uniq_eustachio

Skill      XL: |  1  2  3  4  5  6 |
---------------+-------------------+-----
Ice Magic      | 5 6 7 |  7.5
Spellcasting   | 4 5 6 |  6.3
Conjurations   | 1 2 |  2.0
Dodging        | |  2.4
Stealth        | |  2.4

Action                   |  1- 3 |  4- 6 || total
-------------------------+-------+-------++-------
Melee: Dagger            |    10 |    18 ||    28
 Cast: Freeze            |    49 |    63 ||   112
       Frozen Ramparts   |     1 |     7 ||     8
       Ozocubu's Armour  |       |     9 ||     9
 Stab: Sleeping          |     8 |     2 ||    10
Armor: Robe              |     7 |    14 ||    21
Dodge: Dodged            |    24 |    42 ||    66
